Unix NetHack Version 3.7.0-62 Work-in-progress - last build Aug 24 2022 02:59:55 (1754fd7919031489bd266d173cb7fe17fa02ec73,branch:master).

Game began 2022-08-24 18:25:41, ended 2022-08-25 15:08:05.

rustyspoon, neutral female human Tourist

  
stone
stone
stone
stone
stone
stone
stone
stone
stone
stone
stone
stone
stone
stone
stone
stone
stone
stone
stone
stone
stone
stone
stone
stone
stone
stone
stone
stone
stone
stone
stone
stone
stone
stone
stone
stone
stone
stone
stone
stone
stone
stone
stone
stone
stone
stone
stone
stone
stone
stone
stone
stone
stone
stone
stone
stone
stone
stone
stone
stone
stone
stone
stone
stone
stone
stone
stone
stone
stone
stone
stone
stone
stone
stone
stone
stone
stone
stone
stone
stone
stone
stone
stone
stone
stone
stone
stone
stone
stone
stone
stone
stone
stone
stone
stone
stone
stone
stone
stone
stone
stone
stone
stone
stone
stone
stone
stone
stone
stone
stone
stone
stone
stone
stone
stone
stone
stone
stone
stone
stone
stone
stone
stone
stone
stone
stone
stone
stone
stone
stone
stone
stone
stone
stone
stone
stone
stone
stone
stone
stone
stone
stone
stone
stone
stone
stone
stone
stone
stone
stone
stone
stone
stone
stone
stone
stone
stone
stone
stone
stone
stone
stone
stone
stone
stone
stone
stone
stone
stone
stone
stone
stone
stone
stone
stone
stone
stone
stone
stone
stone
stone
stone
stone
stone
stone
stone
stone
stone
stone
stone
stone
stone
stone
stone
stone
stone
stone
stone
stone
stone
stone
stone
stone
stone
stone
stone
stone
stone
stone
stone
stone
stone
stone
stone
stone
stone
stone
stone
stone
stone
stone
stone
stone
stone
stone
stone
stone
stone
stone
stone
stone
stone
stone
stone
stone
stone
stone
stone
stone
stone
stone
stone
stone
stone
stone
stone
stone
stone
stone
stone
stone
stone
stone
stone
stone
stone
stone
stone
stone
stone
stone
stone
stone
stone
stone
stone
stone
stone
stone
stone
stone
stone
stone
stone
stone
stone
stone
stone
stone
stone
stone
stone
stone
stone
stone
stone
stone
stone
stone
stone
stone
stone
stone
stone
stone
stone
stone
stone
stone
stone
stone
stone
stone
stone
stone
stone
stone
stone
stone
stone
stone
stone
stone
stone
stone
stone
stone
stone
stone
stone
stone
stone
stone
stone
stone
stone
stone
stone
stone
stone
stone
stone
stone
stone
stone
stone
stone
stone
stone
stone
stone
stone
stone
stone
stone
stone
stone
stone
stone
stone
stone
stone
stone
stone
stone
stone
stone
stone
stone
stone
stone
stone
stone
stone
stone
stone
stone
stone
stone
stone
stone
stone
stone
stone
stone
stone
stone
stone
stone
stone
stone
stone
stone
stone
stone
stone
stone
stone
stone
stone
stone
stone
stone
stone
stone
stone
stone
stone
stone
stone
stone
stone
stone
stone
stone
stone
stone
stone
stone
stone
stone
stone
stone
stone
stone
stone
stone
stone
stone
stone
stone
stone
stone
stone
stone
stone
stone
wall
wall
wall
wall
wall
wall
stone
wall
wall
wall
wall
wall
wall
wall
wall
stone
stone
stone
stone
stone
stone
stone
stone
stone
stone
stone
stone
stone
stone
stone
stone
stone
stone
stone
stone
stone
stone
stone
stone
stone
stone
stone
stone
stone
stone
stone
stone
stone
stone
stone
stone
stone
stone
stone
stone
stone
stone
stone
stone
stone
stone
stone
stone
stone
stone
stone
stone
stone
stone
stone
stone
stone
stone
stone
stone
stone
stone
stone
stone
wall
.dark part of a room
.dark part of a room
.dark part of a room
.dark part of a room
wall
wall
wall
.dark part of a room
.dark part of a room
.dark part of a room
>branch staircase down
wall
<staircase up
wall
stone
stone
stone
stone
stone
stone
stone
stone
stone
stone
stone
stone
stone
stone
stone
stone
stone
stone
stone
stone
stone
stone
stone
stone
stone
stone
stone
stone
stone
stone
stone
stone
stone
stone
stone
stone
stone
stone
stone
stone
stone
stone
stone
stone
stone
stone
stone
stone
stone
stone
stone
stone
stone
stone
stone
stone
stone
stone
stone
stone
stone
stone
stone
stone
wall
.dark part of a room
.dark part of a room
0a boulder
.dark part of a room
.dark part of a room
.dark part of a room
.dark part of a room
.dark part of a room
.dark part of a room
.dark part of a room
wall
wall
^pit
wall
stone
stone
stone
stone
stone
stone
stone
stone
stone
stone
stone
stone
stone
stone
stone
stone
stone
stone
stone
stone
stone
stone
stone
stone
stone
stone
stone
stone
stone
stone
stone
stone
stone
stone
stone
stone
stone
stone
stone
stone
stone
stone
stone
stone
stone
stone
stone
stone
stone
stone
stone
stone
stone
stone
stone
stone
stone
stone
stone
stone
stone
stone
stone
stone
wall
.dark part of a room
.dark part of a room
.dark part of a room
.dark part of a room
.dark part of a room
wall
0a boulder
0a boulder
0a boulder
.dark part of a room
wall
wall
Yowlbear, holding you
wall
stone
stone
stone
stone
stone
stone
stone
stone
stone
stone
stone
stone
stone
stone
stone
stone
stone
stone
stone
stone
stone
stone
stone
stone
stone
stone
stone
stone
stone
stone
stone
stone
stone
stone
stone
stone
stone
stone
stone
stone
stone
stone
stone
stone
stone
stone
stone
stone
stone
stone
stone
stone
stone
stone
stone
stone
stone
stone
stone
stone
stone
stone
stone
stone
wall
.dark part of a room
.dark part of a room
.dark part of a room
.dark part of a room
.dark part of a room
wall
.dark part of a room
.dark part of a room
.dark part of a room
.dark part of a room
wall
wall
@human tourist called rustyspoon, trapped in a pit
wall
stone
stone
stone
stone
stone
stone
stone
stone
stone
stone
stone
stone
stone
stone
stone
stone
stone
stone
stone
stone
stone
stone
stone
stone
stone
stone
stone
stone
stone
stone
stone
stone
stone
stone
stone
stone
stone
stone
stone
stone
stone
stone
stone
stone
stone
stone
stone
stone
stone
stone
stone
stone
stone
stone
stone
stone
stone
stone
stone
stone
stone
stone
stone
stone
wall
wall
wall
wall
wall
.dark part of a room
wall
wall
wall
wall
wall
wall
wall
.floor of a room
wall
stone
stone
stone
stone
stone
stone
stone
stone
stone
stone
stone
stone
stone
stone
stone
stone
stone
stone
stone
stone
stone
stone
stone
stone
stone
stone
stone
stone
stone
stone
stone
stone
stone
stone
stone
stone
stone
stone
stone
stone
stone
stone
stone
stone
stone
stone
stone
stone
stone
stone
stone
stone
stone
stone
stone
stone
stone
stone
stone
stone
stone
stone
stone
stone
wall
.dark part of a room
.dark part of a room
.dark part of a room
.dark part of a room
.dark part of a room
.dark part of a room
wall
stone
stone
stone
stone
wall
.dark part of a room
wall
stone
stone
stone
stone
stone
stone
stone
stone
stone
stone
stone
stone
stone
stone
stone
stone
stone
stone
stone
stone
stone
stone
stone
stone
stone
stone
stone
stone
stone
stone
stone
stone
stone
stone
stone
stone
stone
stone
stone
stone
stone
stone
stone
stone
stone
stone
stone
stone
stone
stone
stone
stone
stone
stone
stone
stone
stone
stone
stone
stone
stone
stone
stone
stone
wall
.dark part of a room
.dark part of a room
.dark part of a room
.dark part of a room
.dark part of a room
.dark part of a room
wall
wall
wall
wall
wall
wall
.dark part of a room
wall
stone
stone
stone
stone
stone
stone
stone
stone
stone
stone
stone
stone
stone
stone
stone
stone
stone
stone
stone
stone
stone
stone
stone
stone
stone
stone
stone
stone
stone
stone
stone
stone
stone
stone
stone
stone
stone
stone
stone
stone
stone
stone
stone
stone
stone
stone
stone
stone
stone
stone
stone
stone
stone
stone
stone
stone
stone
stone
stone
stone
stone
stone
stone
stone
wall
.dark part of a room
.dark part of a room
.dark part of a room
.dark part of a room
.dark part of a room
.dark part of a room
.dark part of a room
.dark part of a room
.dark part of a room
.dark part of a room
.dark part of a room
.dark part of a room
*45 rocks
wall
stone
stone
stone
stone
stone
stone
stone
stone
stone
stone
stone
stone
stone
stone
stone
stone
stone
stone
stone
stone
stone
stone
stone
stone
stone
stone
stone
stone
stone
stone
stone
stone
stone
stone
stone
stone
stone
stone
stone
stone
stone
stone
stone
stone
stone
stone
stone
stone
stone
stone
stone
stone
stone
stone
stone
stone
stone
stone
stone
stone
stone
stone
stone
stone
wall
.dark part of a room
.dark part of a room
.dark part of a room
.dark part of a room
.dark part of a room
.dark part of a room
wall
wall
wall
wall
wall
.dark part of a room
.dark part of a room
wall
stone
stone
stone
stone
stone
stone
stone
stone
stone
stone
stone
stone
stone
stone
stone
stone
stone
stone
stone
stone
stone
stone
stone
stone
stone
stone
stone
stone
stone
stone
stone
stone
stone
stone
stone
stone
stone
stone
stone
stone
stone
stone
stone
stone
stone
stone
stone
stone
stone
stone
stone
stone
stone
stone
stone
stone
stone
stone
stone
stone
stone
stone
stone
stone
wall
wall
wall
wall
wall
wall
wall
wall
stone
stone
stone
wall
wall
wall
wall
stone
stone
stone
stone
stone
stone
stone
stone
stone
stone
stone
stone
stone
stone
stone
stone
stone
stone
stone
stone
stone
stone
stone
stone
stone
stone
stone
stone
stone
stone
stone
stone
stone
stone
stone
stone
stone
stone
stone
stone
stone
stone
stone
stone
stone
stone
stone
stone
stone
stone
stone
stone
stone
stone
stone
stone
stone
stone
stone
stone
stone
stone
stone
stone
stone
stone
stone
stone
stone
stone
stone
stone
stone
stone
stone
stone
stone
stone
stone
stone
stone
stone
stone
stone
stone
stone
stone
stone
stone
stone
stone
stone
stone
stone
stone
stone
stone
stone
stone
stone
stone
stone
stone
stone
stone
stone
stone
stone
stone
stone
stone
stone
stone
stone
stone
stone
stone
stone
stone
stone
stone
stone
stone
stone
stone
stone
stone
stone
stone
stone
stone
stone
stone
stone
stone
stone
stone
stone
stone
stone
stone
stone
stone
stone
stone
stone
stone
stone
stone
stone
stone
stone
stone
stone
stone
stone
stone
stone
stone
stone
stone
stone
stone
stone
stone
stone
stone
stone
stone
stone
stone
stone
stone
stone
stone
stone
stone
stone
stone
stone
stone
stone
stone
stone
stone
stone
stone
stone
stone
stone
stone
stone
stone
stone
stone
stone
stone
stone
stone
stone
stone
stone
stone
stone
stone
stone
stone
stone
stone
stone
stone
stone
stone
stone
stone
stone
stone
stone
stone
stone
stone
stone
stone
stone
stone
stone
stone
stone
stone
stone
stone
stone
stone
stone
stone
stone
stone
stone
stone
stone
stone
stone
stone
stone
stone
stone
stone
stone
stone
stone
stone
stone
stone
stone
stone
stone
stone
stone
stone
stone
stone
stone
stone
stone
stone
stone
stone
stone
stone
stone
stone
stone
stone
stone
stone
stone
stone
stone
stone
stone
stone
stone
stone
stone
stone
stone
stone
stone
stone
stone
stone
stone
stone
stone
stone
stone
stone
stone
stone
stone
stone
stone
stone
stone
stone
stone
stone
stone
stone
stone
stone
stone
stone
stone
stone
stone
stone
stone
stone
stone
stone
stone
stone
stone
stone
stone
stone
stone
stone
stone
stone
stone
stone
stone
stone
stone
stone
stone
stone
stone
stone
stone
stone
stone
stone
stone
stone
stone
stone
stone
stone
stone
stone
stone
stone
stone
stone
stone
stone
stone
stone
stone
stone
stone
stone
stone
stone
stone
stone
stone
stone
stone
stone
stone
stone
stone
stone
stone
stone
stone
stone
stone
stone
stone
stone
stone
stone
stone
stone
stone
stone
stone
stone
stone
stone
stone
stone
stone
stone
stone
stone
stone
stone
stone
stone
stone
stone
stone
stone
stone
stone
stone
stone
stone
stone
stone
stone
stone
stone
stone
stone
stone
stone
stone
stone
stone
stone
[Rustyspoon the Excursionist ] St:15 Dx:13 Co:15 In:13 Wi:10 Ch:15 Neutral Dlvl:8 $:20 HP:0(58) Pw:40(40) AC:10 Xp:9 T:8791 Hungry

Latest messages:

You kill the wood nymph!
Pick an object.
Air currents pull you down into a pit!
q - a potion called 150/200 dark.
z - an uncursed wand of light.
a - a blessed athame named Magicbane.
P - a cursed scroll called 200 GHO.
N - a purple-red potion.
r - a potion called black oil/acid.
There are several more objects here.
The owlbear hits!
The owlbear hits!
t - 20 uncursed +2 darts.
Q - 9 uncursed daggers named +0.
D - an uncursed rusty +1 pair of hard shoes.
C - a blessed +1 dwarvish cloak.
B - a blessed greased +0 gray dragon scale mail.
b - a blessed bag called holding.
What do you want to write with? [- atzGKQ or ?*]
You engrave in the floor with a blessed athame named Magicbane.
The owlbear turns to flee.
The owlbear hits!
The owlbear hits!
The owlbear grabs you!
There is a pit here.
Something is engraved here on the floor.
You read: "Elbereth".
You see here a looking glass.
What do you want to wield? [- atGKQ or ?*]
a - a blessed athame named Magicbane (weapon in hand).
You get released!
The owlbear hits!
The owlbear hits!
The owlbear hits!
What do you want to use or apply? [befkmsz or ?*]
In what direction?
The owlbear is blinded by the flash!
You feel like a hypocrite.
The engraving beneath you fades.
The owlbear hits!
The owlbear hits!
There is a pit here.
You see here a looking glass.
What do you want to use or apply? [befkmsz or ?*]
h - an uncursed potion of extra healing.
The owlbear hits!
The owlbear hits!
The owlbear grabs you!
You die...
Do you want your possessions identified? [ynq] (y)

Major events:

Turn

1: rustyspoon the neutral female human Tourist entered the dungeon
854: attained the rank of Sightseer (level 3)
1265: entered the Gnomish Mines
3266: attained the rank of Excursionist (level 6)
3624: reached Mine Town
4600: made her first wish - "blessed greased +2 gray dragon scale mail", got "a greased gray dragon scale mail"
5472: was bestowed with Magicbane by The Lady
8608: entered Sokoban
8791: killed by an owlbear

Inventory:

Coins

$ - 20 gold pieces

Weapons

a - the blessed rustproof +0 Magicbane (weapon in hand)
t - 20 uncursed +2 darts
G - an uncursed +0 orcish dagger named +0
K - an uncursed +0 elven dagger named +0
Q - 9 uncursed +0 daggers named +0

Armor

A - an uncursed +0 Hawaiian shirt with a ukulele motif
B - a blessed greased +0 gray dragon scale mail
C - a blessed +1 dwarvish cloak
D - an uncursed rusty +1 pair of iron shoes
E - an uncursed rotted +0 pair of gauntlets of dexterity (being worn)
F - an uncursed +0 dwarvish iron helm

Comestibles

L - an uncursed lizard corpse named KFC

Scrolls

P - a cursed scroll of create monster

Potions

h - an uncursed potion of extra healing
q - an uncursed potion of object detection
r - an uncursed potion of acid
N - a blessed potion of hallucination

Wands

z - an uncursed wand of light (0:11)

Tools

b - a blessed bag of holding containing 65 items
e - an uncursed stethoscope
f - an uncursed magic whistle
k - an uncursed skeleton key
m - an uncursed expensive camera (0:66)
s - an uncursed sack named cancellation containing 2 items

Contents of the bag of holding:

943 gold pieces
a cursed amulet of restful sleep
an uncursed +0 long sword
an uncursed +0 dwarvish iron helm
an uncursed +0 dwarvish iron helm
a blessed +0 pair of iron shoes
an uncursed +0 mummy wrapping
6 uncursed food rations
3 uncursed food rations
3 uncursed tripe rations
2 uncursed tripe rations
an uncursed lizard corpse named MCD
an uncursed scroll of destroy armor
an uncursed scroll of gold detection
a cursed scroll of earth
an uncursed scroll of earth
a blessed scroll of identify
an uncursed scroll of identify
an uncursed scroll of enchant weapon
2 uncursed scrolls of enchant weapon
an uncursed scroll of create monster
4 uncursed scrolls of magic mapping
a cursed scroll of teleportation
an uncursed spellbook of slow monster
an uncursed potion of healing
an uncursed potion of booze
an uncursed potion of confusion
an uncursed potion of sleeping
an uncursed potion of gain energy
an uncursed potion of levitation
an uncursed potion of polymorph
a blessed potion of gain ability
an uncursed potion of gain ability
an uncursed potion of sickness
an uncursed potion of sickness
a potion of holy water
an uncursed potion of oil
an uncursed potion of blindness
2 uncursed potions of object detection
an uncursed +1 ring of gain constitution
an uncursed +1 ring of protection
an uncursed wand of secret door detection (0:10)
an uncursed wand of undead turning (0:2)
an uncursed wand of opening (0:7)
an uncursed wand of probing (0:3)
an uncursed wand of enlightenment (0:10)
a blessed wand of speed monster (0:2)
a blessed oil lamp
an uncursed magic marker (0:31)
an uncursed magic marker (0:77)
an uncursed magic whistle
an uncursed +0 pick-axe named !c
an uncursed aquamarine stone
an uncursed ruby
an uncursed jet stone
an uncursed jade stone
a cursed jade stone
an uncursed worthless piece of orange glass
an uncursed worthless piece of orange glass
2 uncursed worthless pieces of red glass
2 uncursed worthless pieces of violet glass
2 uncursed worthless pieces of white glass
an uncursed worthless piece of yellowish brown glass
an uncursed chrysoberyl stone
an uncursed luckstone

Contents of the sack named cancellation:

an uncursed wand of make invisible (0:4)
an uncursed bag of tricks (0:9)

Rustyspoon the Tourist's attributes:


Background:

You were an Excursionist, a level 9 female human Tourist.
You were neutral, on a mission for The Lady
who was opposed by Blind Io (lawful) and Offler (chaotic).
You were in Sokoban, on level 8.
You entered the dungeon 8791 turns ago.
You had 2948 experience points, 2172 more were needed to attain level 10.

Basics:

You had 0 out of 58 hit points.
You had all 40 energy points (spell power).
Your armor class was 10.
Your wallet contained 20 zorkmids.
Autopickup was on for '$!?/"=' plus thrown, with exceptions.

Final Characteristics:

Your strength was 15 (limit:18/100).
Your dexterity was 13 (limit:18).
Your constitution was 15 (limit:18).
Your intelligence was 13 (limit:18).
Your wisdom was 10 (limit:18).
Your charisma was 15 (limit:18).

Final Status:

You were trapped in a pit.
You were held by an owlbear (north).
You were hungry.
You were unencumbered.
You were wielding a dagger.
You had expert skill with dagger.

Final Attributes:

You were piously aligned.
You were magic-protected.
You were cold resistant.
You were poison resistant.
You were telepathic.
You were fast.
You were lucky.
You are dead.

Miscellaneous:
You never encountered a bones level.
Total elapsed playing time was 57 minutes and 29 seconds.

Vanquished creatures:

2 small mimics
a large cat
an ochre jelly
a human mummy
a leather golem
an amorous demon
a quivering blob
a wolf
a leprechaun
an iron piercer
a mumak
a giant spider
an ice vortex
a vampire bat
a forest centaur
an orc mummy
a brown pudding
a werewolf
5 lizards
a dingo
a housecat
2 dwarf leaders
2 blue jellies
a dust vortex
a raven
a rope golem
a bugbear
2 imps
a wood nymph
24 Mordor orcs
an orc shaman
a rock piercer
a yellow light
2 shriekers
8 gnome leaders
2 gnomish wizards
a gray ooze
an elf zombie
a ghoul
2 giant ants
2 floating eyes
a kitten
7 dwarves
a kobold leader
a kobold shaman
a hill orc
3 rothes
a centipede
a giant bat
a dwarf zombie
a werejackal
2 iguanas
22 killer bees
an acid blob
a gas spore
5 hobbits
8 manes
5 giant rats
a cave spider
a yellow mold
a green mold
2 red molds
24 gnomes
3 garter snakes
4 gnome zombies
2 geckos
4 jackals
4 foxes
7 goblins
a sewer rat
2 grid bugs
7 lichens
2 kobold zombies
5 newts
215 creatures vanquished.
No species were genocided or became extinct.

Voluntary challenges:

You read items or engraved 7 times.
You engraved Elbereth 3 times.
You never genocided any monsters.
You never polymorphed an object.
You never changed form.
You used 1 wish.
You did not wish for any artifacts.
You violated the special Sokoban rules once.

Achievements:

You entered a shop.
You attained the rank of Sightseer.
You entered the Gnomish Mines.
You attained the rank of Excursionist.
You entered Minetown.
You entered a temple.
You entered Sokoban.

The Dungeons of Doom: levels 1 to 10

   Level 1: "fake bones"
A fountain, a grave.
Level 2:
A jewelers, some fountains.
Level 3:
Stairs down to The Gnomish Mines.
Level 4:
Level 5:
A weapon shop, a fountain, a sink.
Level 6:
A general store.
Level 7:
Level 8:
Many fountains.
Oracle of Delphi.
Level 9:
A fountain.
Stairs up to Sokoban, level 8.
Level 10:
A fountain.

The Gnomish Mines: levels 4 to 6

   Level 4:
Level 5:
Level 6:
Many shops, a temple to The Lady, a fountain.

Sokoban:

   Level 8: <- You were here.
Unsolved.
Final resting place for
you, killed by an owlbear.

Game over:

----------
/ \
/ REST \
/ IN \
/ PEACE \
/ \
| rustyspoon |
| 963 Au |
| killed by an |
| owlbear |
| |
| |
| 2022 |
*| * * * | *
_________)/\\_//(\/(/\)/\//\/|_)_______

Aloha rustyspoon the Tourist...


You died in Sokoban on dungeon level 8 with 12907 points,
and 963 pieces of gold, after 8791 moves.
You were level 9 with a maximum of 58 hit points when you died.